 Dungeon Crawl Stone Soup version 0.21-a0-1-gaf3b9a5 (webtiles) character file.

410 MTVSty1e the Skirmisher (level 6, 0/41 HPs)
             Began as a Gargoyle Fighter on May 20, 2017.
             Slain by an iguana (6 damage)
             ... on level 4 of the Dungeon.
             The game lasted 00:05:43 (2409 turns).

MTVSty1e the Skirmisher (Gargoyle Fighter)          Turns: 2409, Time: 00:05:44

Health: 0/41       AC: 15    Str: 26    XL:     6   Next: 89%
Magic:  6/6        EV:  6    Int:  8    God:
Gold:   98         SH: 10    Dex:  9    Spells: 5/5 levels left

rFire    . . .     SeeInvis .   a - +0 war axe
rCold    + . .     Gourm    .   c - +0 shield
rNeg     + . .     Faith    .   p - +1 chain mail {MR+}
rPois    ∞         Spirit   .   (no helmet)
rElec    +         Reflect  .   (no cloak)
rCorr    .         Harm     .   (no gloves)
MR       +....     Clarity  +   (no boots)
Stlth    ..........             (no amulet)
Regen    0.2/turn               l - +2 ring of strength
MPRegen  0.1/turn               u - ring of protection from cold

@: no status effects
A: blink, clarity, negative energy resistance 1, electricity resistance, strong
1, unbreathing, petrification resistance, rot immunity, AC +4
a: Blink


You were on level 4 of the Dungeon.
You were hungry.

You visited 1 branch of the dungeon, and saw 4 of its levels.

You collected 98 gold pieces.

Inventory:

Hand Weapons
 a - a +0 war axe (weapon)
Armour
 b - a +0 scale mail
 c - a +0 shield (worn)
 i - a +0 helmet
 p - a +1 chain mail of magic resistance (worn)
Jewellery
 l - a +2 ring of strength (left hand)
 u - a ring of protection from cold (right hand)
Scrolls
 d - a scroll of recharging
 e - 7 scrolls of identify
 k - 2 scrolls of enchant weapon {unknown}
 n - a scroll of fog {unknown}
 o - a scroll of blinking {unknown}
 q - a scroll of teleportation {unknown}
 s - a scroll of enchant armour {unknown}
Potions
 g - a potion of heal wounds {unknown}
 m - a potion of agility {unknown}
 r - a potion of ambrosia {unknown}
Books
 t - a book of Maledictions

   Spells                             Type                      Level
   a - Corona                         Hexes                        1
   b - Ensorcelled Hibernation        Hexes/Ice                    2
   c - Confuse                        Hexes                        3
   d - Tukima's Dance                 Hexes                        3
   e - Dazzling Spray                 Conjuration/Hexes            3
Comestibles
 f - 3 bread rations
 h - 2 meat rations
 j - 6 fruits


   Skills:
 * Level 5.7 Fighting
 + Level 3.3 Axes
 + Level 4.6 Armour
 + Level 4.5 Shields


You had 5 spell levels left.
You didn't know any spells.

Dungeon Overview and Level Annotations

Branches:
Dungeon (4/15)
 Temple: D:4-7

Altars:
Zin


Innate Abilities, Weirdness & Mutations

You are resistant to torment.
Your stone body is resilient. (AC +4)
You are immune to poison.
You resist negative energy. (rN+)
You are resistant to electric shocks. (rElec)
You can survive without breathing.
You are immune to petrification.
You are immune to rotting.
You can translocate small distances at will.
You possess an exceptional clarity of mind.
Your muscles are strong. (Str +2)


Message History

You are feeling hungry.
The ogre hits you with a giant club!
The iguana bites you but does no damage.
You slash the ogre!
The ogre is heavily wounded.
You hit the iguana. You block the iguana's attack.
The ogre hits you with a giant club! The iguana bites you!
You are too injured to fight recklessly!
You are too injured to fight recklessly!
You are too injured to fight recklessly!
You slash the ogre!
The ogre is almost dead.
You hit the iguana. You block the ogre's attack.
The iguana bites you but does no damage.
You barely miss the ogre.
The ogre is almost dead.
You slash the iguana! The ogre hits you with a giant club!
* * * LOW HITPOINT WARNING * * *
You block the iguana's attack. The iguana bites you.
You die...

....... .. .......#.#
.......#.# .......#.#
.........# .......#.#
......O#.# ......l@.#
.......#.#######
.......#.......#
.......#.#####.#
.......#.# .......#.#
.......#.# ###
.......#.#######♣♣♣♣.###
....#.#...#..♣._.♣♣.#


You could see an ogre and an iguana.

Vanquished Creatures
  Sigmund (D:3)
  An ogre (D:4)
  An orc wizard (D:4)
  A worker ant (D:4)
  8 adders
  A dart slug (D:3)
  4 leopard geckos
  3 orcs (D:4)
  2 giant cockroaches
  8 goblins
  3 hobgoblins (D:1)
  10 kobolds
  3 bats (D:2)
  2 frilled lizards
  5 rats
53 creatures vanquished.

Notes
Turn   | Place    | Note
-------+----------+-------------------------------------------
     0 | D:1      | MTVSty1e the Gargoyle Fighter began the quest for the Orb.
     0 | D:1      | Reached XP level 1. HP: 14/14 MP: 1/1
   168 | D:1      | Reached XP level 2. HP: 20/20 MP: 2/2
   786 | D:2      | Reached skill level 4 in Fighting
   786 | D:2      | Reached XP level 3. HP: 20/24 MP: 3/3
  1262 | D:2      | Gained mutation: You are clumsy. (Dex -2) [potion of mutation]
  1262 | D:2      | Gained mutation: You are partially covered in large bone plates. (SH +4) [potion of mutation]
  1263 | D:2      | Lost mutation: You are clumsy. (Dex -2) [potion of mutation]
  1263 | D:2      | Lost mutation: You are partially covered in large bone plates. (SH +4) [potion of mutation]
  1263 | D:2      | Gained mutation: You are dopey. (Int -2) [potion of mutation]
  1263 | D:2      | Gained mutation: You are robust. (+10% HP) [potion of mutation]
  1264 | D:2      | Lost mutation: You are robust. (+10% HP) [potion of mutation]
  1264 | D:2      | Lost mutation: You are dopey. (Int -2) [potion of mutation]
  1264 | D:2      | Gained mutation: You can translocate small distances at will. [potion of mutation]
  1264 | D:2      | Gained mutation: You have a pair of small horns on your head. [potion of mutation]
  1264 | D:2      | Gained mutation: You have sharp toenails. [potion of mutation]
  1264 | D:2      | Gained mutation: You are robust. (+10% HP) [potion of mutation]
  1265 | D:2      | Lost mutation: You are robust. (+10% HP) [potion of mutation]
  1265 | D:2      | Lost mutation: You have sharp toenails. [potion of mutation]
  1265 | D:2      | Lost mutation: You have a pair of small horns on your head. [potion of mutation]
  1265 | D:2      | Gained mutation: You possess an exceptional clarity of mind. [potion of mutation]
  1265 | D:2      | Gained mutation: Your muscles are strong. (Str +2) [potion of mutation]
  1286 | D:2      | Reached XP level 4. HP: 21/30 MP: 4/4
  1585 | D:3      | Noticed Sigmund
  1590 | D:3      | Killed Sigmund
  1590 | D:3      | Reached skill level 5 in Fighting
  1590 | D:3      | Reached XP level 5. HP: 34/35 MP: 5/5
  1590 | D:3      | Reached XP level 6. HP: 39/40 MP: 6/6
  1924 | D:4      | Found a glowing silver altar of Zin.
  2409 | D:4      | Slain by an iguana

Vault maps used:
D:1:      lemuel_arrival_rhombus
D:2:      minmay_door_path, first_bread
D:3:      uniq_sigmund
D:4:      zin_academy, grunt_temple_overflow_bloody_war, uniq_blork_the_orc

Skill      XL: |  1  2  3  4 |
---------------+-------------+-----
Axes           | 2 3 |  3.3
Fighting       | 4 5 |  5.7
Armour         | 4 |  4.6
Shields        | 4 |  4.5

Action                   |  1- 3 |  4- 6 || total
-------------------------+-------+-------++-------
Melee: War axe           |   159 |   115 ||   274
  Use: Potion            |     4 |     1 ||     5
       Scroll            |     2 |       ||     2
  Eat: Meat ration       |     1 |       ||     1
Armor: Scale mail        |    87 |       ||    87
       Chain mail        |    19 |    65 ||    84
Dodge: Dodged            |    55 |    29 ||    84
Block: Shield            |    95 |    67 ||   162
